AoeStats
← SlowBoy

Arabia

504260727Analyzed
1v1 RM · 28d ago on Sep 4, 2026· 31m 23s· 2 players
Game mode
Random Map
Map size
Tiny (2 player)
Population
200
Speed
Normal
Resources
Standard
Victory
Conquest
Starting age
Dark Age
Ending age
Imperial Age
RankedLock teamsTeams togetherTeam positionsShared explorationLock speedFull tech treeHidden civsTurbo modeCheats
Victory
Defeat
🇧🇷 Wei · Brazil
1687
+10
🇨🇳 Huns · China
1544
-10
SlowBoy
6:53 Loom
9:42 Feudal Age
10:08 Double-Bit Axe
10:19 Horse Collar
18:02 Scale Barding Armor
19:25 Bloodlines
20:43 Forging
24:56 Castle Age
22:59 Gold Mining
24:59 Light Cavalry
25:40 Husbandry
25:52 Bow Saw
26:33 Chain Barding Armor
28:15 Heavy Plow
30:33 Town Watch
32:32 Gold Shaft Mining
Houraisan Kaguya
5:38 Loom
8:49 Feudal Age
9:33 Double-Bit Axe
10:16 Horse Collar
19:54 Fletching
20:15 Forging
21:04 Wheelbarrow
24:34 Castle Age
22:50 Gold Mining
23:44 Bloodlines
24:02 Padded Archer Armor
25:13 Bodkin Arrow
24:40 Crossbowman
28:10 Thumb Ring
28:17 Bow Saw
28:46 Gold Shaft Mining
28:25 Husbandry
28:55 Ballistics
Connection lost

Rejoining the realm…

Still unreachable

The connection could not be restored.

Session expired

The server has moved on; the page needs a fresh start.